[Event "ICC tourney 2499 (45 10)"]
[Site "Internet Chess Club"]
[Date "2021.04.10"]
[Round "3"]
[White "SARAVIA, KYLE AUSTIN:Kyle45"]
[Black "Nagarajan, Ramesh:rnagaraj"]
[Result "1/2-1/2"]
[ICCResult "Game drawn because neither player has mating material"]
[WhiteElo "1100"]
[BlackElo "1428"]
[Opening "Giuoco Piano"]
[ECO "C54"]
[NIC "IG.02"]
[Time "16:01:44"]
[PlyCount "181"]
[TimeControl "2700+10"]

1. e4 e5 2. Nf3 Nc6 3. Bc4 Bc5 4. c3 Nf6 5. d4 exd4 6. cxd4 Bb6 7. Bg5 d6
8. O-O O-O 9. Nc3 h6 10. Bf4 Bg4 11. d5 Nd4 12. Be2 Nxe2+ 13. Qxe2 Re8 14.
Qd3 Nh5 15. Be3 Bxf3 16. Bxb6 Bxe4 17. Nxe4 axb6 18. Rfe1 Nf6 19. Ng3 Qd7
20. a3 Re5 21. Rxe5 dxe5 22. Nf5 e4 23. Qh3 Kh7 24. g4 Ng8 25. Rd1 Ne7 26.
Ng3 Nxd5 27. Nxe4 c6 28. Qd3 Qxg4+ 29. Kh1 Kg8 30. Rg1 Qf4 31. Ng3 g6 32.
Nf5 Rd8 33. Rg4 Qc1+ 34. Rg1 Qf4 35. Rg4 Qxf2 36. Nxh6+ Kg7 37. Nf5+ Kf8
38. Nh6 Re8 39. Rg1 Re1 40. Qg3 Rxg1+ 41. Qxg1 Qxb2 42. Qf1 Qg7 43. Ng4 f5
44. Nf2 Qd7 45. Qh3 Qg7 46. Nd3 Qa1+ 47. Kg2 Qa2+ 48. Kf3 Qxa3 49. Qh8+ Kf7
50. Qh7+ Kf6 51. Qh8+ Ke6 52. Qe8+ Qe7 53. Qxg6+ Nf6 54. Nf4+ Ke5 55. Qg3
Qa3+ 56. Nd3+ Kd5 57. Ke2 Qa2+ 58. Ke3 Ng4+ 59. Kf3 Nxh2+ 60. Kf4 Qa4+ 61.
Kxf5 Qe4+ 62. Kg5 Qe7+ 63. Kg6 Qe8+ 64. Kf6 Qf8+ 65. Kg5 Qg8+ 66. Kf4 Qxg3+
67. Kxg3 Nf1+ 68. Kf2 Nd2 69. Ke3 Nc4+ 70. Ke2 b5 71. Kd1 c5 72. Kc2 b4 73.
Kb3 b5 74. Nf4+ Kd4 75. Ne6+ Kd5 76. Nf4+ Ke4 77. Ne6 Nd2+ 78. Kc2 c4 79.
Kxd2 Kd5 80. Nc7+ Kc5 81. Na6+ Kb6 82. Nxb4 Kc5 83. Kc3 Kb6 84. Nd5+ Kc5
85. Nb4 Kd6 86. Kd4 Ke6 87. Kc5 Ke5 88. Kxb5 Kd4 89. Nc6+ Kd3 90. Ne5+ Kc3
91. Nxc4 { Game drawn because neither player has mating material } 1/2-1/2

[Event "ICC tourney 2499 (45 10)"]
[Site "Internet Chess Club"]
[Date "2021.04.10"]
[Round "3"]
[White "JACOBS, STEVE:Steviejay"]
[Black "FENG, AARON:aaronfeng"]
[Result "1-0"]
[ICCResult "Black checkmated"]
[WhiteElo "1372"]
[BlackElo "1090"]
[Opening "Queen's pawn game, Chigorin variation"]
[ECO "D02"]
[NIC "QP.08"]
[Time "16:01:52"]
[PlyCount "115"]
[TimeControl "2700+10"]

1. d4 d5 2. Nf3 Nc6 3. c3 Nf6 4. Bg5 Bf5 5. Nbd2 e6 6. e3 Be7 7. Nh4 Bg6 8.
Nxg6 fxg6 9. Bd3 a6 10. h3 Nd7 11. Bxe7 Qxe7 12. Qf3 Nf6 13. Qg3 e5 14.
dxe5 Nxe5 15. Bc2 c5 16. O-O O-O 17. Rae1 Nh5 18. Qh2 Qg5 19. f4 Qg3 20.
Qxg3 Nxg3 21. fxe5 Nxf1 22. Rxf1 Rxf1+ 23. Kxf1 Re8 24. Nf3 b5 25. Ke2 Kf7
26. Bb3 c4 27. Bc2 h6 28. e4 dxe4 29. Bxe4 Re7 30. Bd5+ Ke8 31. Ke3 Kd7 32.
Kd4 Kc7 33. Nh4 g5 34. Nf5 Re8 35. Nxg7 Re7 36. Nf5 Rh7 37. e6 Kd8 38. Ke5
Ke8 39. Kd6 h5 40. Bc6+ Kd8 41. e7+ Rxe7 42. Nxe7 g4 43. hxg4 hxg4 44. Nd5
g3 45. Ne3 a5 46. Nf5 b4 47. Nxg3 bxc3 48. bxc3 Kc8 49. Nf5 Kd8 50. g4 Kc8
51. g5 Kb8 52. g6 Ka7 53. g7 Kb6 54. g8=Q a4 55. Qxc4 Ka7 56. Qxa4+ Kb6 57.
Qb5+ Ka7 58. Qb7# { Black checkmated } 1-0

[Event "ICC tourney 2499 (45 10)"]
[Site "Internet Chess Club"]
[Date "2021.04.10"]
[Round "4"]
[White "wang, William Kaiyuan:williamw601"]
[Black "SARAVIA, KYLE AUSTIN:Kyle45"]
[Result "1-0"]
[ICCResult "Black checkmated"]
[WhiteElo "1300"]
[BlackElo "1100"]
[Opening "Sicilian: Canal-Sokolsky attack, 3...Bd7"]
[ECO "B52"]
[NIC "SI.01"]
[Time "18:31:51"]
[PlyCount "43"]
[TimeControl "2700+10"]

1. e4 c5 2. Nf3 d6 3. Bb5+ Bd7 4. Bxd7+ Nxd7 5. O-O Ngf6 6. Re1 Qc7 7. c3
g6 8. d4 b6 9. Bf4 Nh5 10. Be3 Bg7 11. Qd2 O-O 12. Bh6 Rac8 13. Bxg7 Kxg7
14. h3 e5 15. Nh2 cxd4 16. cxd4 Qc2 17. Qb4 Rc6 18. dxe5 Nxe5 19. Nc3 Nd3
20. Qd4+ Kg8 21. Ng4 Nxe1 22. Nh6# { Black checkmated } 1-0

[Event "ICC tourney 2499 (45 10)"]
[Site "Internet Chess Club"]
[Date "2021.04.10"]
[Round "4"]
[White "procopio, Patti:prostripe"]
[Black "Ramkumar, Nikhil:nikhilramkumar"]
[Result "0-1"]
[ICCResult "White resigns"]
[WhiteElo "1159"]
[BlackElo "667"]
[Opening "Old Benoni defense"]
[ECO "A43"]
[NIC "OI.09"]
[Time "18:31:36"]
[PlyCount "98"]
[TimeControl "2700+10"]

1. d4 c5 2. c3 d5 3. Nf3 Bf5 4. Bf4 e6 5. Nbd2 Nd7 6. h3 h6 7. Nh4 Qxh4 8.
g3 Qd8 9. Bg2 c4 10. O-O Nb6 11. e4 Bh7 12. exd5 exd5 13. Re1+ Be7 14. Qf3
Nf6 15. Be5 Ne4 16. Nxe4 Bxe4 17. Qf4 g5 18. Qd2 Rg8 19. Bxe4 dxe4 20. Rxe4
Qd7 21. Bf6 Nd5 22. Bxe7 Nxe7 23. Rae1 Rg7 24. Qe3 f6 25. Rxe7+ Rxe7 26.
Qd2 Rxe1+ 27. Qxe1+ Qe7 28. Qf1 O-O-O 29. Qxc4+ Qc7 30. Qe6+ Qd7 31. Qxf6
Qxh3 32. Qe5 Qg4 33. Qc5+ Kb8 34. Qe7 Rd7 35. Qf8+ Kc7 36. Qxh6 Qd1+ 37.
Kh2 Qg4 38. Qh8 Qf5 39. Qe8 Qxf2+ 40. Kh3 Qf1+ 41. Kg4 Qd1+ 42. Kf5 Qf3+
43. Kg6 Rd6+ 44. Kh7 Qh1+ 45. Kg7 Rd7+ 46. Kf6 Qf3+ 47. Kxg5 Qxg3+ 48. Kf5
Qf3+ 49. Ke5 Qe3+ { White resigns } 0-1

[Event "ICC tourney 2499 (45 10)"]
[Site "Internet Chess Club"]
[Date "2021.04.10"]
[Round "4"]
[White "ZHANG, ETHAN:ethanz1606"]
[Black "KINKUS, SAM E:Grandslam34"]
[Result "1-0"]
[ICCResult "Black resigns"]
[WhiteElo "1229"]
[BlackElo "519"]
[Opening "Queen's pawn"]
[ECO "A40"]
[NIC "QO.17"]
[Time "18:31:31"]
[PlyCount "59"]
[TimeControl "2700+10"]

1. d4 c6 2. c4 d6 3. Nc3 Qc7 4. Bf4 e5 5. dxe5 dxe5 6. Bg3 Nf6 7. Nf3 Bd6
8. e3 Bg4 9. Be2 Bxf3 10. Bxf3 Nbd7 11. O-O O-O 12. Ne4 Nxe4 13. Bxe4 Nf6
14. Bc2 Rfe8 15. Bh4 Qe7 16. Be4 h6 17. Qf3 g5 18. Bg3 Nxe4 19. Qxe4 Qe6
20. b3 f5 21. Qf3 e4 22. Qe2 Rf8 23. Bxd6 Qxd6 24. Rad1 Qe7 25. Qh5 Rf6 26.
Rd2 Rd8 27. Rfd1 Rxd2 28. Rxd2 Kh7 29. Qd1 Rf8 30. Rd7 { Black resigns }
1-0

[Event "ICC tourney 2499 (45 10)"]
[Site "Internet Chess Club"]
[Date "2021.04.10"]
[Round "4"]
[White "STONE, GILBERT L:tightfist"]
[Black "WU, WINSTON:qjet"]
[Result "1/2-1/2"]
[ICCResult "Game drawn by mutual agreement"]
[WhiteElo "1450"]
[BlackElo "1174"]
[Opening "Vienna: Paulsen-Mieses variation"]
[ECO "C26"]
[NIC "VG.01"]
[Time "18:31:35"]
[PlyCount "50"]
[TimeControl "2700+10"]

1. Nc3 e5 2. e4 Nf6 3. g3 Bc5 4. Bg2 d6 5. Nf3 O-O 6. O-O Nc6 7. d3 h6 8.
Bd2 a6 9. a3 Be6 10. b4 Bb6 11. Na4 Ba7 12. c4 Nd4 13. Be3 Bg4 14. Nc3 Qd7
15. Rc1 Bh3 16. Nd5 Nxd5 17. cxd5 Nxf3+ 18. Qxf3 Bg4 19. Rxc7 Qxc7 20. Qxg4
Bxe3 21. fxe3 Qd8 22. Rc1 Rc8 23. Rc4 Rxc4 24. dxc4 Qc7 25. Qe2 Rc8 { Game
drawn by mutual agreement } 1/2-1/2

[Event "ICC tourney 2499 (45 10)"]
[Site "Internet Chess Club"]
[Date "2021.04.10"]
[Round "4"]
[White "FENG, AARON:aaronfeng"]
[Black "BASHUR, MICHAEL:MBashur"]
[Result "1-0"]
[ICCResult "Black resigns"]
[WhiteElo "1090"]
[BlackElo "1031"]
[Opening "Sicilian defense"]
[ECO "B32"]
[NIC "SI.32"]
[Time "18:31:25"]
[PlyCount "97"]
[TimeControl "2700+10"]

1. e4 c5 2. Nf3 Nc6 3. d4 cxd4 4. Nxd4 Nxd4 5. Qxd4 d6 6. Bc4 e6 7. Nc3 b6
8. O-O Bb7 9. Bb5+ Ke7 10. Be3 Nh6 11. Bxh6 e5 12. Bg5+ f6 13. Bxf6+ gxf6
14. Qd1 a6 15. Bc4 b5 16. Bd5 Qc7 17. a3 Bh6 18. Re1 Rab8 19. Qh5 Bd2 20.
Qf7+ Kd8 21. Qxf6+ Qe7 22. Qxe7+ Kxe7 23. Red1 Bxc3 24. bxc3 Bxd5 25. Rxd5
Rbc8 26. Rd3 Rc5 27. Rad1 Rd8 28. f3 Rc4 29. Kf2 Rd7 30. Ke3 Ke6 31. g4 Rc6
32. h4 Rf7 33. Rf1 Rf4 34. h5 Rc7 35. Rh1 Rcf7 36. Ke2 Rd7 37. Kd2 Rdf7 38.
Rf1 Rxg4 39. fxg4 Rxf1 40. c4 Rf2+ 41. Ke3 Rxc2 42. cxb5 axb5 43. Rb3 Ra2
44. Kf3 d5 45. exd5+ Kxd5 46. Rxb5+ Kd4 47. Rb3 e4+ 48. Kf4 e3 49. Rxe3 {
Black resigns } 1-0

[Event "ICC tourney 2499 (45 10)"]
[Site "Internet Chess Club"]
[Date "2021.04.10"]
[Round "4"]
[White "DONAYRE, LUCA ALONSO:Ldon22"]
[Black "McQuillin, Danil Alsandair:DanilMcQuillin"]
[Result "0-1"]
[ICCResult "White checkmated"]
[WhiteElo "1046"]
[BlackElo "1193"]
[Opening "Ruy Lopez: fianchetto (Smyslov/Barnes) defense"]
[ECO "C60"]
[NIC "RL.03"]
[Time "18:31:21"]
[PlyCount "54"]
[TimeControl "2700+10"]

1. e4 e5 2. Nf3 Nc6 3. Bb5 g6 4. Bxc6 dxc6 5. Nc3 Bg7 6. d3 h6 7. O-O Ne7
8. Nd2 O-O 9. Qf3 f5 10. Nc4 f4 11. Qe2 f3 12. gxf3 Bh3 13. Rd1 c5 14. Ne3
Nc6 15. Kh1 Nd4 16. Qd2 Nxf3 17. Qe2 Qg5 18. Ncd5 c6 19. Nc7 Qh5 20. Rg1
Rac8 21. Rg3 Rxc7 22. b3 Be6 23. Rg2 Rcf7 24. Nf1 Bh3 25. Ng3 Bxg2+ 26.
Kxg2 Qxh2+ 27. Kf1 Qg1# { White checkmated } 0-1

[Event "ICC tourney 2499 (45 10)"]
[Site "Internet Chess Club"]
[Date "2021.04.10"]
[Round "4"]
[White "DEL TORA, MIGUEL:mdeltoro11"]
[Black "DINESH KHANNA, NIKITHA SRI:NikiSDKChess"]
[Result "1-0"]
[ICCResult "Black checkmated"]
[WhiteElo "991"]
[BlackElo "615"]
[Opening "Queen's pawn, Mason variation"]
[ECO "D00"]
[NIC "QP.08"]
[Time "18:31:23"]
[PlyCount "99"]
[TimeControl "2700+10"]

1. d4 d5 2. Bf4 Nc6 3. Nf3 a6 4. e3 Bf5 5. g3 e6 6. Bg2 f6 7. O-O g5 8.
Nxg5 fxg5 9. Qh5+ Bg6 10. Qxg5 Qxg5 11. Bxg5 Bg7 12. Nc3 h6 13. Bf4 O-O-O
14. Na4 Bxc2 15. Nc5 Bf5 16. h3 Bf6 17. g4 Bg6 18. Nxe6 Re8 19. Nxc7 Bg5
20. Nxe8 Bxe8 21. Bg3 Nge7 22. Rac1 Bd7 23. a4 h5 24. Be5 Rh7 25. f4 Bh4
26. f5 hxg4 27. hxg4 Kd8 28. f6 Ng6 29. Bxd5 Bxg4 30. Be4 Ncxe5 31. dxe5
Rh6 32. f7 Be7 33. Bxb7 Nxe5 34. f8=Q+ Bxf8 35. Rxf8+ Ke7 36. Ra8 Rg6 37.
Kh2 Bf5 38. Rc7+ Kd6 39. Rc1 Rg7 40. Rxa6+ Kd7 41. Bc8+ Kd8 42. Bxf5 Nf3+
43. Kh3 Rc7 44. Ra8+ Rc8 45. Raxc8+ Ke7 46. R1c6 Ne5 47. Ra6 Kf7 48. Rc7+
Nd7 49. Rxd7+ Ke8 50. Ra8# { Black checkmated } 1-0

[Event "ICC tourney 2499 (45 10)"]
[Site "Internet Chess Club"]
[Date "2021.04.10"]
[Round "4"]
[White "Kirumaki, Shreya A:Chesspenguin123"]
[Black "QI, JENNY:eevee11"]
[Result "1-0"]
[ICCResult "Black resigns"]
[WhiteElo "1129"]
[BlackElo "1082"]
[Opening "Scandinavian defense"]
[ECO "B01"]
[NIC "SD.03"]
[Time "18:31:41"]
[PlyCount "120"]
[TimeControl "2700+10"]

1. e4 d5 2. exd5 Nf6 3. Bb5+ Nbd7 4. Nc3 a6 5. Be2 Nb6 6. Nf3 Nbxd5 7. Nxd5
Nxd5 8. d4 Bg4 9. O-O e6 10. c4 Nf6 11. h3 Bh5 12. g4 Bg6 13. b3 h6 14. Bb2
Be7 15. Re1 O-O 16. Bd3 Bxd3 17. Qxd3 Qd6 18. Rad1 c6 19. d5 exd5 20. Bxf6
Bxf6 21. cxd5 cxd5 22. Qxd5 Qxd5 23. Rxd5 Rad8 24. Red1 b6 25. Ne5 Rxd5 26.
Rxd5 Rd8 27. Nd7 Bb2 28. Nxb6 Rxd5 29. Nxd5 Kf8 30. Kf1 a5 31. Ke2 Ke8 32.
Kd3 Kd7 33. Nb6+ Kc7 34. Nc4 Bc1 35. Nxa5 Kb6 36. Nc4+ Kc5 37. Kc3 Bg5 38.
b4+ Kb5 39. Nd6+ Ka4 40. Nxf7 Bf6+ 41. Kc4 Ka3 42. b5 Bh4 43. b6 Bxf2 44.
b7 Bg3 45. Kd5 Bb8 46. Ne5 Kxa2 47. Nd7 Ba7 48. b8=Q Bxb8 49. Nxb8 Kb2 50.
Ke6 Kc3 51. Kf7 Kd3 52. Kxg7 Ke4 53. Kxh6 Ke5 54. g5 Ke6 55. g6 Kf6 56. g7
Kf7 57. Kh7 Kf6 58. g8=Q Kf5 59. Qe8 Kf4 60. Kg7 Kf3 { Black resigns } 1-0

[Event "ICC tourney 2499 (45 10)"]
[Site "Internet Chess Club"]
[Date "2021.04.10"]
[Round "4"]
[White "SPERBER, JACOB:jacobsperber"]
[Black "ZHOU, GREG:joeandjoe28"]
[Result "1/2-1/2"]
[ICCResult "Game drawn by repetition"]
[WhiteElo "1457"]
[BlackElo "1413"]
[Opening "Neo-Grünfeld defense"]
[ECO "D70"]
[NIC "KI.80"]
[Time "18:31:20"]
[PlyCount "118"]
[TimeControl "2700+10"]

1. d4 Nf6 2. c4 g6 3. f3 d5 4. cxd5 Nxd5 5. e4 Nb6 6. Be3 Bg7 7. Nc3 O-O 8.
Qd2 Nc6 9. O-O-O a5 10. Bh6 a4 11. h4 a3 12. b3 Nxd4 13. Bxg7 Nxb3+ 14.
axb3 Qxd2+ 15. Rxd2 Kxg7 16. Ra2 Be6 17. Kc2 Rfd8 18. Bd3 Bxb3+ 19. Kxb3
Rxd3 20. Ne2 c5 21. Rxa3 Rxa3+ 22. Kxa3 Nc4+ 23. Kb3 b5 24. Rd1 Ne3 25.
Rxd3 c4+ 26. Kb4 cxd3 27. Nf4 d2 28. Kxb5 d1=Q 29. Nxd1 Nxd1 30. Kc5 Ne3
31. Kd4 Nf1 32. Kd3 Ng3 33. Ke3 e5 34. Nd5 Nh5 35. g4 Nf6 36. Nxf6 Kxf6 37.
Kd3 g5 38. h5 Ke7 39. Kc4 Ke6 40. Kc5 f6 41. Kc6 h6 42. Kc7 Ke7 43. Kc6 Ke6
44. Kc5 Ke7 45. Kc6 Ke6 46. Kb5 Kd7 47. Kc5 Kc7 48. Kb5 Kb7 49. Kc5 Kc7 50.
Kd5 Kd7 51. Kc5 Kc7 52. Kb5 Kb7 53. Kc4 Kc6 54. Kb4 Kb6 55. Kc4 Kc6 56. Kb4
Kb6 57. Kc4 Kc6 58. Kb4 Kb6 59. Kc4 Kc6 { Game drawn by repetition }
1/2-1/2

[Event "ICC tourney 2499 (45 10)"]
[Site "Internet Chess Club"]
[Date "2021.04.10"]
[Round "4"]
[White "GUO, MAX:salamenceg"]
[Black "KARLIN, ARI Z.:arikarlin1"]
[Result "1/2-1/2"]
[ICCResult "Game drawn by mutual agreement"]
[WhiteElo "1076"]
[BlackElo "259"]
[Opening "Sicilian defense"]
[ECO "B32"]
[NIC "SI.32"]
[Time "18:31:29"]
[PlyCount "107"]
[TimeControl "2700+10"]

1. e4 c5 2. Nf3 Nc6 3. d4 cxd4 4. Nxd4 d6 5. Be3 Nf6 6. Nc3 Bd7 7. Be2 g6
8. Qd2 Nxd4 9. Bxd4 Bg7 10. O-O-O O-O 11. h4 a6 12. h5 gxh5 13. Bxh5 Nxh5
14. Rxh5 e5 15. Be3 Bg4 16. Rdh1 Bxh5 17. Rxh5 f6 18. Bh6 Rf7 19. Bxg7 Rxg7
20. Qh6 Qe8 21. Nd5 Qg6 22. Nxf6+ Kf7 23. Nxh7 Qxh6+ 24. Rxh6 Rg6 25. Rh5
Rxg2 26. Rf5+ Kg6 27. Nf6 Rf8 28. Nd5 Rxf5 29. exf5+ Kxf5 30. Ne3+ Kf4 31.
Nxg2+ Kf3 32. Ne1+ Kxf2 33. Nd3+ Ke3 34. Kd1 a5 35. b3 e4 36. Nb2 Kf2 37.
Kd2 e3+ 38. Kc3 e2 39. Nd3+ Ke3 40. Kc4 Kd2 41. c3 Ke3 42. Ne1 Kd2 43. Ng2
e1=Q 44. Nxe1 Kxe1 45. Kd3 Kd1 46. b4 a4 47. c4 Kc1 48. Kc3 Kb1 49. a3 Ka2
50. Kc2 Kxa3 51. Kc3 Ka2 52. Kc2 Ka3 53. Kc3 Ka2 54. Kc2 { Game drawn by
mutual agreement } 1/2-1/2

[Event "ICC tourney 2499 (45 10)"]
[Site "Internet Chess Club"]
[Date "2021.04.10"]
[Round "4"]
[White "CAI, ALAN ZHUOCHENG:flying-ninja"]
[Black "SATHYAN, TEJESH MAYURAN:tjsathyan"]
[Result "1/2-1/2"]
[ICCResult "Game drawn by mutual agreement"]
[WhiteElo "1276"]
[BlackElo "1307"]
[Opening "Sicilian: accelerated fianchetto, Maróczy bind, 6.Be3"]
[ECO "B38"]
[NIC "SI.33"]
[Time "18:31:16"]
[PlyCount "58"]
[TimeControl "2700+10"]

1. e4 c5 2. Nf3 Nc6 3. d4 cxd4 4. Nxd4 g6 5. c4 Bg7 6. Be3 Nf6 7. Nc3 d6 8.
Be2 O-O 9. O-O Bd7 10. Qd2 Rc8 11. f3 a6 12. Rad1 Ne5 13. b3 h5 14. Nd5 Nc6
15. a4 Nxd5 16. cxd5 Nxd4 17. Bxd4 Kh7 18. Kh1 Bxd4 19. Qxd4 b5 20. axb5
Bxb5 21. Bxb5 axb5 22. Ra1 Ra8 23. Rxa8 Qxa8 24. Ra1 Qc8 25. h3 Qc2 26. Qe3
Rc8 27. Ra7 Rc7 28. Rxc7 Qxc7 29. Qd2 Qc5 { Game drawn by mutual agreement
} 1/2-1/2

[Event "ICC tourney 2499 (45 10)"]
[Site "Internet Chess Club"]
[Date "2021.04.10"]
[Round "4"]
[White "SCHWARTZ, DOUGLAS S:Douglas1"]
[Black "JOHNSON, WILL:ChemStud24"]
[Result "1-0"]
[ICCResult "Black checkmated"]
[WhiteElo "1011"]
[BlackElo "1473"]
[Opening "Sicilian: Najdorf"]
[ECO "B90"]
[NIC "SI.14"]
[Time "18:31:16"]
[PlyCount "89"]
[TimeControl "2700+10"]

1. e4 c5 2. Nf3 d6 3. d4 cxd4 4. Nxd4 Nf6 5. Nc3 a6 6. Nb3 e5 7. Bg5 Be7 8.
Bxf6 Bxf6 9. Qd3 Be6 10. O-O-O Be7 11. g3 Nd7 12. f4 b5 13. f5 Bc4 14. Qf3
Bxb3 15. axb3 Nb6 16. Qd3 Rc8 17. Bh3 f6 18. Kd2 b4 19. Nd5 Nxd5 20. Qxd5
Rc5 21. Qd3 Qc7 22. c4 bxc3+ 23. bxc3 a5 24. b4 Rc4 25. bxa5 O-O 26. Bf1
Ra4 27. Qd5+ Kh8 28. a6 Rc8 29. Bb5 Qxc3+ 30. Ke2 Ra3 31. Rd3 Qb2+ 32. Ke3
Ra2 33. Rd2 Rc3+ 34. Ke2 Qxd2+ 35. Qxd2 Rxd2+ 36. Kxd2 Rc7 37. Rc1 Rxc1 38.
Kxc1 Bd8 39. a7 Kg8 40. a8=Q Kf7 41. Qxd8 g5 42. Be8+ Kg7 43. Qe7+ Kh6 44.
g4 d5 45. Qf8# { Black checkmated } 1-0

[Event "ICC tourney 2499 (45 10)"]
[Site "Internet Chess Club"]
[Date "2021.04.10"]
[Round "4"]
[White "Nagarajan, Ramesh:rnagaraj"]
[Black "SHAKIROV, DIYOR:Diyor"]
[Result "1/2-1/2"]
[ICCResult "Game drawn by repetition"]
[WhiteElo "1428"]
[BlackElo "1169"]
[Opening "Sicilian: Smith-Morra gambit"]
[ECO "B32"]
[NIC "SI.48"]
[Time "18:31:19"]
[PlyCount "114"]
[TimeControl "2700+10"]

1. e4 c5 2. d4 cxd4 3. Nf3 Nc6 4. Bc4 g6 5. Nxd4 Bg7 6. Nf3 Nf6 7. Nc3 O-O
8. O-O d6 9. Bg5 Bg4 10. a3 Ne5 11. Be2 Nxf3+ 12. Bxf3 Bxf3 13. Qxf3 Qb6
14. Rab1 Rac8 15. Qd3 Rfe8 16. Be3 Qc6 17. f3 a6 18. Rfc1 Nd7 19. Nd5 Nc5
20. Qd2 e6 21. Nb4 Qb6 22. b3 Qd8 23. Rd1 Be5 24. Nd3 Nxd3 25. Qxd3 Rc3 26.
Qd2 Qc7 27. Bd4 Rxc2 28. Qd3 Bxd4+ 29. Qxd4 Qc5 30. a4 Qxd4+ 31. Rxd4 Rd8
32. Rb4 Rc7 33. Rb6 d5 34. exd5 exd5 35. Rd1 d4 36. Rd2 d3 37. Kf2 Rc2 38.
Ke3 Rxd2 39. Kxd2 Rd7 40. Rb4 Kg7 41. Rc4 Kf6 42. Rc3 Ke5 43. Rxd3 Rxd3+
44. Kxd3 Kd5 45. b4 f6 46. f4 f5 47. a5 h6 48. h4 Kc6 49. Kc4 b5+ 50. Kd4
Kd6 51. g3 h5 52. Ke3 Kd5 53. Kd3 Kc6 54. Kd4 Kd6 55. Kc3 Kd5 56. Kd3 Kc6
57. Kd4 Kd6 { Game drawn by repetition } 1/2-1/2

[Event "ICC tourney 2499 (45 10)"]
[Site "Internet Chess Club"]
[Date "2021.04.10"]
[Round "4"]
[White "JACOBS, STEVE:Steviejay"]
[Black "FANG, ETHAN GAO:exitixYT"]
[Result "0-1"]
[ICCResult "White resigns"]
[WhiteElo "1372"]
[BlackElo "1450"]
[Opening "Torre attack (Tartakower variation)"]
[ECO "D03"]
[NIC "QP.06"]
[Time "18:31:51"]
[PlyCount "124"]
[TimeControl "2700+10"]

1. d4 Nf6 2. Nf3 d5 3. Bg5 Bf5 4. Nbd2 e6 5. e3 c5 6. c3 Nbd7 7. h3 h6 8.
Bh4 Qb6 9. Qb3 c4 10. Qxb6 Nxb6 11. Rc1 Be7 12. Be2 Rc8 13. Bxf6 Bxf6 14.
Bd1 Bd3 15. Bc2 Bxc2 16. Rxc2 O-O 17. O-O Rc6 18. e4 dxe4 19. Nxe4 Nd5 20.
Nxf6+ Nxf6 21. Ne5 Ra6 22. a3 b5 23. Re1 Rd6 24. Rce2 Rfd8 25. g4 Nd5 26.
Kh2 Nf4 27. Re3 a5 28. Kg3 Nd5 29. R3e2 g5 30. Re4 f5 31. gxf5 exf5 32.
R4e2 a4 33. f3 Re8 34. h4 gxh4+ 35. Kxh4 Nf4 36. Rg1+ Kf8 37. Ree1 Re7 38.
Rg3 Rg7 39. Reg1 Rxg3 40. Rxg3 Ne2 41. Rg6 Rxg6 42. Nxg6+ Kf7 43. Ne5+ Ke6
44. Kh5 Nf4+ 45. Kxh6 Nd3 46. Nc6 Nxb2 47. Kg5 Nd1 48. Nb4 Nxc3 49. Nc2 Nb1
50. Kf4 Kd5 51. Kxf5 Nxa3 52. Nxa3 b4 53. Nc2 b3 54. Na3 c3 55. Kg6 c2 56.
f4 c1=Q 57. Nb5 Qxf4 58. Nc3+ Kxd4 59. Nxa4 Ke5 60. Nc5 Qf5+ 61. Kg7 Qf6+
62. Kg8 Qe7 { White resigns } 0-1

[Event "ICC tourney 2499 (45 10)"]
[Site "Internet Chess Club"]
[Date "2021.04.10"]
[Round "5"]
[White "Ramkumar, Nikhil:nikhilramkumar"]
[Black "SARAVIA, KYLE AUSTIN:Kyle45"]
[Result "0-1"]
[ICCResult "White resigns"]
[WhiteElo "667"]
[BlackElo "1100"]
[Opening "Sicilian: closed, 2...Nc6"]
[ECO "B23"]
[NIC "SI.44"]
[Time "21:02:26"]
[PlyCount "66"]
[TimeControl "2700+10"]

1. e4 c5 2. Nc3 Nc6 3. Bc4 e6 4. d3 h6 5. f4 Nge7 6. Nf3 d5 7. exd5 exd5 8.
Bb3 Be6 9. Qe2 Nf5 10. Nxd5 Ncd4 11. Nxd4 Nxd4 12. Qe4 Nxb3 13. cxb3 Qxd5
14. Be3 O-O-O 15. Qxd5 Rxd5 16. Rc1 b6 17. d4 Kb7 18. dxc5 bxc5 19. O-O Be7
20. Rfe1 Rc8 21. Rc2 Bf6 22. Rec1 Bf5 23. Rxc5 Rcxc5 24. Rxc5 Rxc5 25. Bxc5
Bxb2 26. Kf2 Bb1 27. a3 a6 28. g3 Kc6 29. b4 Kb5 30. Ke3 Bxa3 31. Kd4 Bxb4
32. Bxb4 Kxb4 33. Kd5 a5 { White resigns } 0-1

[Event "ICC tourney 2499 (45 10)"]
[Site "Internet Chess Club"]
[Date "2021.04.10"]
[Round "5"]
[White "DONAYRE, LUCA ALONSO:Ldon22"]
[Black "Kirumaki, Shreya A:Chesspenguin123"]
[Result "0-1"]
[ICCResult "White checkmated"]
[WhiteElo "1046"]
[BlackElo "1129"]
[Opening "Ruy Lopez: old Steinitz defense"]
[ECO "C62"]
[NIC "RL.02"]
[Time "21:01:30"]
[PlyCount "38"]
[TimeControl "2700+10"]

1. e4 e5 2. Nf3 Nc6 3. Bb5 d6 4. d4 a6 5. Bxc6+ bxc6 6. dxe5 Be7 7. Nc3 f6
8. exd6 cxd6 9. O-O Bb7 10. Re1 d5 11. exd5 cxd5 12. Qd4 Qd7 13. Bf4 O-O-O
14. Qa7 Bd6 15. Bxd6 Qxd6 16. Na4 Qc6 17. Nb6+ Kc7 18. Re3 d4 19. Nxd4
Qxg2# { White checkmated } 0-1

[Event "ICC tourney 2499 (45 10)"]
[Site "Internet Chess Club"]
[Date "2021.04.10"]
[Round "5"]
[White "KINKUS, SAM E:Grandslam34"]
[Black "Goldblatt, Steven:SGOLD9367"]
[Result "0-1"]
[ICCResult "White resigns"]
[WhiteElo "519"]
[BlackElo "1390"]
[Opening "French: King's Indian attack"]
[ECO "C00"]
[NIC "FR.02"]
[Time "21:01:36"]
[PlyCount "34"]
[TimeControl "2700+10"]

1. e4 e6 2. d3 d5 3. Nd2 Nc6 4. Ngf3 Bc5 5. g3 Nf6 6. e5 Nd7 7. Nb3 Bb6 8.
d4 Ne7 9. Bg5 h6 10. Bxe7 Qxe7 11. Qd2 c5 12. c4 cxd4 13. Nbxd4 O-O 14. Be2
dxc4 15. Bxc4 Qc5 16. Rc1 Ba5 17. Qxa5 Qxa5+ { White resigns } 0-1

[Event "ICC tourney 2499 (45 10)"]
[Site "Internet Chess Club"]
[Date "2021.04.10"]
[Round "5"]
[White "QI, JENNY:eevee11"]
[Black "PARK, COLIN:collywog"]
[Result "1/2-1/2"]
[ICCResult "Game drawn because neither player has mating material"]
[WhiteElo "1082"]
[BlackElo "1135"]
[Opening "French: Tarrasch, open variation"]
[ECO "C07"]
[NIC "FR.19"]
[Time "21:01:34"]
[PlyCount "86"]
[TimeControl "2700+10"]

1. e4 e6 2. d4 d5 3. Nd2 c5 4. exd5 Qxd5 5. Ngf3 cxd4 6. Bc4 Qa5 7. O-O Nc6
8. Nb3 Qb4 9. Qd3 e5 10. Bb5 Nf6 11. Nxe5 Qd6 12. Qxd4 a6 13. Qxd6 Bxd6 14.
Bxc6+ bxc6 15. Nxc6 O-O 16. Re1 Bb7 17. Ne7+ Bxe7 18. Rxe7 Rfe8 19. Rxe8+
Rxe8 20. Bg5 Ne4 21. Be3 Re6 22. Nc5 Nxc5 23. Bxc5 Re2 24. Rc1 Be4 25. Kf1
Rxc2 26. Rxc2 Bxc2 27. Ke1 Be4 28. g3 f5 29. Kd2 Kf7 30. Kc3 Kf6 31. Kb4
Kg5 32. h4+ Kg4 33. Ka5 Bd3 34. a4 g5 35. hxg5 Kxg5 36. b4 f4 37. b5 axb5
38. axb5 Bxb5 39. Kxb5 fxg3 40. fxg3 Kg4 41. Bd6 h5 42. Kc4 h4 43. gxh4
Kxh4 { Game drawn because neither player has mating material } 1/2-1/2